 Dungeon Crawl Stone Soup version 0.31-a0-210-gccc998df9b (webtiles) character file.

Game seed: 15955923340229497265

255 2FriedEggs the Magician (level 5, -1/38 HPs)
             Began as a Mummy Necromancer on June 30, 2023.
             Slain by a kobold
             ... wielding a +0 short sword
              (3 damage)
             ... on level 3 of the Dungeon.
             The game lasted 00:05:25 (2336 turns).

2FriedEggs the Magician (Mummy Necromancer)         Turns: 2336, Time: 00:05:26

Health: -1/38      AC:  5    Str: 11    XL:     5   Next: 91%
Magic:  12/13      EV: 11    Int: 16    God:
Gold:   78         SH:  0    Dex: 13    Spells: 8/16 levels left

rFire   x . .        j - +0 dagger
rCold   + . .        (no shield)
rNeg    + + +        l - +0 leather armour
rPois   ∞            (no helmet)
rElec   .            (no cloak)
rCorr   .            b - +0 pair of gloves
SInv    .            d - +0 pair of boots
Will    +....        (no amulet)
Stlth   ++           k - ring of willpower
HPRegen 0.26/turn    (no ring)
MPRegen 0.13/turn

%: faith
@: no status effects
A: cold resistance 1, negative energy resistance 3, torment resistance 2, heat
vulnerability 1, in touch with death 1, no potions, faith
a: no special abilities


You were on level 3 of the Dungeon.
You visited 1 branch of the dungeon, and saw 4 of its levels.
You also visited: Sewer.

You collected 78 gold pieces.

Inventory:

Hand Weapons
 j - a +0 dagger (weapon)
Armour
 b - a +0 pair of gloves (worn)
 d - a +0 pair of boots (worn)
 l - a +0 leather armour (worn)
Jewellery
 k - a ring of willpower (left hand)
Wands
 g - a wand of polymorph (12)
Scrolls
 e - 4 scrolls of identify {unknown}
 f - a scroll of acquirement {unknown}
 h - 2 scrolls of revelation {unknown}
 i - a scroll of fog {unknown}


   Skills:
 + Level 1.8 Fighting
 - Level 1.5 Dodging
 - Level 1.5 Stealth
 - Level 6.0 Spellcasting
 * Level 5.2 Necromancy


You had 8 spell levels left.
You knew the following spells:

 Your Spells              Type           Power      Damage    Failure   Level
a - Necrotise             Necr           100%       1d9       2%          1
b - Vampiric Draining     Necr           32%        2d8       6%          3
c - Animate Dead          Necr           32%        N/A       22%         4

Your spell library contained the following spells:

 Spells                   Type           Power      Damage    Failure   Level
 Agony                    Necr           32%        N/A       52%         5


Dungeon Overview and Level Annotations

Branches:
Dungeon (4/15)              Sewer (visited)
 Temple: D:4-7

Altars:
Cheibriados
Fedhas
Ru


Innate Abilities, Weirdness & Mutations

You are immune to poison.
Your flesh is cold resistant. (rC+)
You are immune to negative energy. (rN+++)
You are immune to unholy pain and torment.
You are vulnerable to heat. (rF-)
You are in touch with the powers of death.
You do not drink.
You have a special connection with the divine. (Faith)


Message History

The phantom is moderately damaged.
Terence hits the phantom.
The phantom hits you.
The phantom blinks!
You blink.
You closely miss the phantom.
You punch the phantom, but do no damage.
The phantom is moderately damaged.
The phantom hits you.
* * * LOW HITPOINT WARNING * * *
You can't drink.
You hit the phantom.
The phantom is heavily damaged.
The phantom hits you.
* * * LOW HITPOINT WARNING * * *
You hit the phantom.
The phantom is heavily damaged.
The phantom barely misses you.
You hit the phantom but do no damage.
The phantom is heavily damaged.
Terence barely misses the phantom.
The phantom closely misses you.
You hit the phantom.
The phantom is heavily damaged.
Terence crumbles into dust!
The phantom hits you.
* * * LOW HITPOINT WARNING * * *
The phantom blinks!
You blink.
You hit the phantom but do no damage.
The phantom is heavily damaged.
The phantom hits you.
* * * LOW HITPOINT WARNING * * *
The phantom blinks!
You blink.
Welcome back, 2FriedEggs the Mummy Necromancer.
Press ? for a list of commands and other information.
You can't drink.
Blink to where?
Press: ? - help, Dir - move target
As you read the scroll labelled RERHOAR ULUOHIOR, it crumbles to dust.
It was a scroll of blinking.
The kobold shouts!
You hit the kobold but do no damage.
The kobold hits you with a +0 short sword.
You die...

#.#.# #.#.# #.#.#
#.#W## ###
#(...##########.##
#.§.....)......#.# ..
#####...##########.##
. .........#### #.# .
##........@.# #.# .#
#.########K#
#####.#####. .#.# #
#># #........... ...#
#.# #.###.###### .##
#######.####.# #<#
.............###.# .#
#.# #....K..........#
.# #.# #.# #<# ####
.#### ##.# #.# #.#


You could see a kobold.

Vanquished Creatures
  Pargi (Sewer)
  A hound (D:3)
  Terence (D:3)
  Ijyb (D:4)
  A gnoll (D:1)
  3 adders (D:3)
  2 orcs (D:4)
  2 ball pythons
  4 bats
  3 endoplasms
  5 giant cockroaches
  A goblin (D:1)
  3 hobgoblins
  7 jackals
  2 quokkas
  3 frilled lizards
  A kobold (D:1)
  3 rats
44 creatures vanquished.

Vanquished Creatures (collateral kills)
  An endoplasm (D:1)
  A giant cockroach (D:1)
2 creatures vanquished.

Grand Total: 46 creatures vanquished

Notes
Turn   | Place    | Note
-------+----------+-------------------------------------------
     0 | D:1      | 2FriedEggs the Mummy Necromancer began the quest for the
                  | Orb.
     0 | D:1      | Reached XP level 1. HP: 13/13 MP: 4/4
    47 | D:1      | Reached skill level 3 in Spellcasting
   250 | D:1      | Reached XP level 2. HP: 19/19 MP: 3/6
   411 | D:1      | Reached skill level 4 in Spellcasting
   551 | D:1      | Gained mutation: You are in touch with the powers of death.
                  | [Mummy growth]
   551 | D:1      | Reached XP level 3. HP: 24/24 MP: 6/8
  1069 | D:2      | You fall into a shaft and drop 2 floors!
  1082 | D:4      | Noticed Ijyb
  1088 | D:4      | Killed Ijyb
  1089 | D:4      | Reached skill level 5 in Spellcasting
  1106 | D:4      | Learned a level 3 spell: Vampiric Draining
  1153 | D:4      | Noticed an ogre
  1210 | D:3      | Found a blossoming altar of Fedhas.
  1210 | D:3      | Found a snail-covered altar of Cheibriados.
  1275 | D:3      | Found a sacrificial altar of Ru.
  1279 | D:3      | Reached XP level 4. HP: 27/30 MP: 6/11
  1280 | D:3      | Found a faded altar of an unknown god.
  1327 | D:3      | Found a glowing drain.
  1381 | D:3      | Reached skill level 6 in Spellcasting
  1393 | D:3      | Learned a level 4 spell: Animate Dead
  1394 | Sewer    | Entered a sewer
  1465 | Sewer    | Noticed Pargi
  1472 | Sewer    | Killed Pargi
  1473 | Sewer    | Reached skill level 1 in Fighting
  1473 | Sewer    | Reached XP level 5. HP: 35/37 MP: 6/13
  1617 | D:3      | Reached skill level 5 in Necromancy
  1686 | D:3      | Noticed a phantom
  2295 | D:3      | Noticed Terence
  2303 | D:3      | Killed Terence
  2333 | D:3      | HP: 1/38 [phantom (3)]
  2336 | D:3      | Slain by a kobold

Illustrated notes

Levels and vault maps discovered:
D:1:      nzn_arrival_depleted_hourglass, layout_rooms, serial_glass,
          glass_columns_a, glass_columns_b
D:2:      layout_basic, bh_walls_and_bars
D:3:      layout_loops_ring, nicolae_overflow_ecumenical_swirl,
          nicolae_overflow_hidden_temple, gup_sewer_entry_glass, uniq_terence
D:4:      layout_basic, nicolae_gozag_cash_rules_everything_around_me,
          uniq_menkaure, uniq_ijyb, uniq_sigmund

Skill      XL: |  1  2  3  4  5 |
---------------+----------------+-----
Spellcasting   | 3 4 5 6 |  6.0
Fighting       | 1 |  1.8
Necromancy     | 5 |  5.2
Dodging        | |  1.5
Stealth        | |  1.5

Action                     |  1- 3 |  4- 6 || total
---------------------------+-------+-------++-------
  Melee: Unarmed           |     2 |     1 ||     3
         Dagger            |       |    20 ||    20
         Punch             |       |     1 ||     1
   Cast: Necrotise         |    53 |    41 ||    94
    Use: Scroll            |       |     1 ||     1
 Armour: Robe              |     1 |     7 ||     8
         Leather armour    |       |     7 ||     7
  Dodge: Dodged            |    10 |    26 ||    36

Table legend: (Time is in decaauts)
 A = Elapsed time spent in this place.
 B = Non-inter-level travel time spent in this place.
 C = Inter-level travel time spent in this place.
 D = Time resting spent in this place.
 E = Time spent auto-exploring this place.
 F = Levels seen in this place.
 G = Mean time per level.
                   A        B        C        D        E       F      G
               +--------+--------+--------+--------+--------+-----+--------+
         Total |   2348 |   2291 |     57 |    176 |   1514 |   5 |  469.6 |
       Dungeon |   2143 |   2086 |     57 |    176 |   1343 |   4 |  535.8 |
         Sewer |    204 |    204 |      0 |      0 |    171 |   1 |  204.0 |
               +--------+--------+--------+--------+--------+-----+--------+

Top non-repeatable levels by time:
     D:1: 961 daAuts
     D:2: 621 daAuts
     D:3: 345 daAuts
     D:4: 216 daAuts
   Sewer: 204 daAuts
